 Dungeon Crawl Stone Soup version 0.25.0-33-gff14898491 (webtiles) character file.

Game seed: 8793736163053477330

43 Peloso the Skirmisher (level 3, -3/43 HPs)
             Began as a Demonspawn Fighter on July 7, 2020.
             Slain by Natasha (4 damage)
             ... on level 2 of the Dungeon.
             The game lasted 00:01:56 (1104 turns).

Peloso the Skirmisher (Demonspawn Fighter)          Turns: 1104, Time: 00:01:57

Health: -3/43      AC:  6    Str: 17    XL:     3   Next: 37%
Magic:  3/3        EV:  7    Int:  9    God:
Gold:   37         SH:  9    Dex: 12    Spells: 2/2 levels left

rFire    . . .     SeeInvis .   a - +0 long sword
rCold    . . .     Gourm    .   c - +0 kite shield
rNeg     . . .     Faith    .   b - +0 scale mail
rPois    .         Spirit   .   (no helmet)
rElec    .         Reflect  .   (no cloak)
rCorr    .         Harm     .   (no gloves)
MR       .....                  (no boots)
Stlth    ..........             (no amulet)
HPRegen  0.14/turn              (no ring)
MPRegen  0.08/turn              (no ring)

@: berserking, very quick
A: talons 1
a: no special abilities


You were on level 2 of the Dungeon.
You were not hungry.

You visited 1 branch of the dungeon, and saw 2 of its levels.

You collected 37 gold pieces.

Inventory:

Hand Weapons
 a - a +0 long sword (weapon)
Armour
 b - a +0 scale mail (worn)
 c - a +0 kite shield (worn)
Jewellery
 i - an uncursed ring of stealth {unknown}
Scrolls
 h - a scroll of blinking {unknown}
 k - a scroll of teleportation
 l - a scroll of amnesia
 m - a scroll of magic mapping {unknown}
Potions
 d - a potion of might
 e - a potion of curing {unknown}
 g - 2 potions of haste
 j - a potion of invisibility {unknown}
 n - 2 potions of berserk rage
 p - a potion of magic {unknown}
Comestibles
 f - 2 rations
 o - a chunk of flesh


   Skills:
 + Level 3.5 Fighting
 + Level 2.2 Long Blades
 + Level 2.9 Armour
 + Level 0.2 Dodging
 + Level 3.1 Shields


You had 2 spell levels left.
You didn't know any spells.
Your spell library was empty.

Dungeon Overview and Level Annotations

Branches:
Dungeon (2/15)

Altars:
Ashenzari

Annotations:
D:2 Natasha


Innate Abilities, Weirdness & Mutations

You have sharp toenails.


Message History

The white imp disappears in a puff of smoke!
Natasha claws you. x2
You hit Natasha. Your kick misses Natasha.
Natasha is lightly wounded.
Natasha claws you.
The rat twitches its whiskers.
The rat closely misses you.
You barely miss Natasha. You claw Natasha, but do no damage.
Natasha is lightly wounded.
Natasha casts a spell at you. The magic dart hits you!
* * * LOW HITPOINT WARNING * * *
You block the rat's attack. Natasha claws you.
* * * LOW HITPOINT WARNING * * *
Some of the chunks of flesh in your inventory have rotted away.
It was a potion of berserk rage.
A red film seems to cover your vision as you go berserk!
You feel yourself moving faster!
You feel mighty! You block the rat's attack. Natasha claws you.
You die...

#.#####.#####.#
#.# #.#####.#
#.# #.......#
#.# #########
.#####.##
#........#
#######..#
#.r######..
#.h@.....#
#.#######.. #)#
#r# #.#
#.[....h....
#.........####
#..r......#
#....###.....


You could see Natasha and a rat.

Vanquished Creatures
  An adder (D:2)
  An ooze (D:1)
  3 dart slugs (D:1)
  A leopard gecko (D:1)
  3 bats
  A goblin (D:2)
  A hobgoblin (D:1)
  6 jackals
  2 frilled lizards
  4 rats
23 creatures vanquished.

Notes
Turn   | Place    | Note
-------+----------+-------------------------------------------
     0 | D:1      | Peloso the Demonspawn Fighter began the quest for the Orb.
     0 | D:1      | Reached XP level 1. HP: 18/18 MP: 1/1
   185 | D:1      | Gained mutation: You have sharp toenails. [demonic
                  | ancestry]
   185 | D:1      | Reached XP level 2. HP: 22/24 MP: 2/2
   218 | D:1      | HP: 1/24 [jackal (2)]
   881 | D:2      | Reached XP level 3. HP: 25/29 MP: 3/3
  1088 | D:2      | Found a shattered altar of Ashenzari.
  1090 | D:2      | Noticed Natasha
  1103 | D:2      | HP: 1/29 [Natasha (6)]
  1104 | D:2      | Slain by Natasha

Illustrated notes

Levels and vault maps discovered:
D:1:      eino_arrival_water_star, layout_loops_ring, minivault_23,
          serial_bayou_ford_a, minmay_misc_feat_chi
D:2:      layout_loops_ring, ashenzari_conservatory_becter, uniq_natasha

Skill      XL: |  1  2 |
---------------+-------+-----
Shields        | 3 |  3.1
Long Blades    | 2 |  2.2
Fighting       | |  3.5
Armour         | |  2.9
Dodging        | |  0.2

Action                   || total
-------------------------++-------
Melee: Long sword        ||    69
       Kick              ||    13
  Use: Scroll            ||     4
       Potion            ||     2
  Eat: Chunk             ||     1
Armor: Scale mail        ||    55
Dodge: Dodged            ||    27
Block: Kite shield       ||    61
       Rpst.: Long sword ||     9
